[Event "Bonne annee"]
[Site "Levis CAN"]
[Date "2001.01.07"]
[Round "5"]
[White "Blais, Georges"]
[Black "Pageau, Roger"]
[Result "0-1"]
[ECO "A80"]
[WhiteElo "1711"]
[BlackElo "1896"]
[PlyCount "142"]
[GameId "2160767738923097"]
[EventDate "2001.01.04"]
[EventType "swiss"]
[EventRounds "5"]
[EventCountry "CAN"]
[TimeControl "40/2:0"]

1. d4 d6 2. Nf3 f5 3. g3 Nf6 4. Nc3 c6 5. Bg2 g6 6. Qd3 Bg7 7. Bg5 Nbd7 8. e4 fxe4 9. Nxe4 Nxe4 10. Qxe4 Nf6 11. Bxf6 Bxf6 12. c3 Bf5 13. Qe3 Qd7 14. h3 Qe6 15. Qxe6 Bxe6 16. g4 h6 17. a3 a5 18. O-O Kd7 19. Rfe1 Rhf8 20. Re2 Bc4 21. Re3 Bd5 22. Nd2 Bh4 23. Re2 Rf4 24. Bxd5 cxd5 25. Rf1 a4 26. Kg2 Raf8 27. f3 b5 28. Re3 h5 29. Re2 Rh8 30. Re3 Bg5 31. Re2 Rf7 32. Rff2 Bf4 33. Nf1 e5 34. dxe5 dxe5 35. Ng3 hxg4 36. hxg4 Rfh7 37. Nf1 Rh1 38. Rc2 Kd6 39. Rce2 Kc5 40. Rc2 R8h7 41. Rce2 g5 42. Rc2 Kc4 43. Rce2 d4 44. cxd4 exd4 45. Nd2+ Bxd2 46. Rxd2 R7h2+ 47. Kg3 Rxf2 48. Kxf2 d3 49. Ke3 Re1+ 50. Kf2 Re5 51. Kf1 b4 52. axb4 a3 53. bxa3 Kc3 54. Rd1 Kc2 55. Ra1 d2 56. a4 Re3 57. Kf2 Re7 58. Ra2+ Kc1 59. b5 d1=Q 60. Ra1+ Kc2 61. Rxd1 Kxd1 62. b6 Re2+ 63. Kg3 Ra2 64. b7 Rb2 65. a5 Rxb7 66. f4 Rb3+ 67. Kf2 gxf4 68. a6 Ra3 69. a7 Kd2 70. a8=N Rxa8 71. Kf3 Rf8 0-1